 Dungeon Crawl Stone Soup version 0.25-a0-737-g26c3a87c45 (webtiles) character file.

Game seed: 8224895994407689756, levelgen mode: deterministic

79 Esekla the Slasher (level 4, -2/35 HPs)
             Began as a Barachi Warper on Apr 11, 2020.
             Was an Initiate of Ashenzari.
             Slain by an orc
             ... wielding a +0 whip
              (4 damage)
             ... on level 4 of the Dungeon.
             The game lasted 00:15:18 (2042 turns).

Esekla the Slasher (Barachi Warper)                 Turns: 2042, Time: 00:15:19

Health: -2/35      AC:  4    Str: 13    XL:     4   Next: 38%
Magic:  5/7        EV: 12    Int: 13    God:    Ashenzari [......]
Gold:   115        SH:  3    Dex: 12    Spells: 5/7 levels left

rFire    . . .     SeeInvis .   a - +0 falchion
rCold    . . .     Gourm    .   (no shield)
rNeg     . . .     Faith    .   b - +0 leather armour
rPois    .         Spirit   .   (no helmet)
rElec    .         Reflect  +   (no cloak)
rCorr    .         Harm     .   k - +0 pair of gloves
MR       .....                  (no boots)
Stlth    +.........             n - +3 amulet of reflection
HPRegen  0.11/turn              (no ring)
MPRegen  0.10/turn              (no ring)

@: very slightly contaminated, slow
A: +LOS, swims, slowness 1, strong legs 1
a: Hop, Curse Item, Renounce Religion


You were on level 4 of the Dungeon.
You worshipped Ashenzari.
Ashenzari was noncommittal.
You were very hungry.

You visited 1 branch of the dungeon, and saw 4 of its levels.

You collected 115 gold pieces.

Inventory:

Hand Weapons
 a - a +0 falchion (weapon)
Missiles
 e - 5 boomerangs of dispersal (quivered)
Armour
 b - a +0 leather armour (worn)
 k - a +0 pair of gloves (worn)
Jewellery
 n - a +3 amulet of reflection (around neck)
Scrolls
 d - a scroll of blinking
 h - a scroll of amnesia
 i - a scroll of random uselessness {unknown}
 j - 2 scrolls of enchant weapon {unknown}
 l - a scroll of identify
Potions
 c - a potion of magic
 g - 2 potions of invisibility {unknown}
 m - a potion of flight {unknown}
Comestibles
 f - 4 rations


   Skills:
 * Level 3.1 Fighting
 * Level 3.9 Long Blades
 + Level 1.1 Throwing
 + Level 1.9 Armour
 + Level 2.6 Dodging
 + Level 2.4 Spellcasting
 * Level 0.7 Charms
 + Level 3.4 Translocations


You had 5 spell levels left.
You knew the following spells:

 Your Spells              Type           Power        Failure   Level  Hunger
a - Shroud of Golubria    Chrm/Tloc      #.....       21%         2    ###....

Your spell library contained the following spells:

 Spells                   Type           Power        Failure   Level  Hunger
 Blink                    Tloc           N/A          12%         2    ###....
 Gell's Gravitas          Tloc           ##........   22%         3    ###....
 Lesser Beckoning         Tloc           ##........   22%         3    ###....
 Teleport Other           Tloc           ##......     22%         3    ###....
 Passage of Golubria      Tloc           N/A          58%         4    #####..


Dungeon Overview and Level Annotations

Branches:
Dungeon (4/15)
 Temple: D:4-7

Altars:
Ashenzari
Fedhas
Ru
Sif Muna
Vehumet

Annotations:
D:2 Terence
D:3 Grinder


Innate Abilities, Weirdness & Mutations

You can be seen from farther away. (+LOS)
You can swim through water.
You cover ground slowly.
You can hop short distances.


Message History

You hit the orc.
The orc is severely wounded.
The orc closely misses you. The orc barely misses you.
The orc closely misses you.
You riposte.
You hit the orc but do no damage.
The orc is severely wounded.
You hit the orc but do no damage.
The orc is severely wounded.
The orc barely misses you. You block the orc's attack.
The orc barely misses you.
You riposte.
You hit the orc.
The orc is almost dead.
You hit the orc.
You kill the orc!
The orc hits you with a +0 whip.
* * * LOW HITPOINT WARNING * * *
The orc misses you.
You riposte.
You barely miss the orc. The orc barely misses you.
The crimson imp blinks!
The orc barely misses you.
You riposte.
You hit the orc.
The orc is heavily wounded.
The orc hits you with a +0 whip.
You die...

#### #..#
#..# #..#
####..#
.....# #...#
#...#
#.###.#<#@###
#.......o†o.#
#####.#.#.#5#
>..#.#.#.#
#+# #+#+# #


You could see a crimson imp and 2 orcs.

Vanquished Creatures
  An orc wizard (D:2)
  2 adders (D:2)
  A dart slug (D:2)
  2 orcs (D:4)
  A ball python (D:2)
  2 giant cockroaches (D:1)
  A goblin (D:2)
  3 hobgoblins
  4 jackals (D:1)
  4 bats
  6 kobolds
  A rat (D:1)
28 creatures vanquished.

Notes
Turn   | Place    | Note
-------+----------+-------------------------------------------
     0 | D:1      | Esekla the Barachi Warper began the quest for the Orb.
     0 | D:1      | Reached XP level 1. HP: 17/17 MP: 3/3
   142 | D:1      | Reached XP level 2. HP: 14/23 MP: 5/5
   166 | D:1      | Learned a level 2 spell: Shroud of Golubria
   612 | D:2      | Noticed Terence
   906 | D:2      | Found a shimmering blue altar of Sif Muna.
   906 | D:2      | Found a shattered altar of Ashenzari.
  1257 | D:2      | Found a blossoming altar of Fedhas.
  1297 | D:2      | Found a sacrificial altar of Ru.
  1310 | D:2      | Reached XP level 3. HP: 21/28 MP: 2/6
  1320 | D:2      | Reached XP level 4. HP: 25/35 MP: 3/7
  1841 | D:2      | Became a worshipper of Ashenzari the Shackled
  1892 | D:2      | Found a radiant altar of Vehumet.
  1998 | D:3      | Noticed Grinder
  2042 | D:4      | Slain by an orc

Levels and vault maps discovered:
D:1:      evilmike_arrival_rings, layout_rooms
D:2:      layout_basic, fiery_altar_vehumet, gammafunk_temple_overflow_wave,
          nicolae_ru_great_annihilating_truth, minmay_parallelograms,
          fedhas_altar_2, uniq_terence
D:3:      layout_rooms, first_ration, bloody_trog, uniq_grinder
D:4:      cheibrodos_old_hovel, layout_basic, uniq_blork_the_orc, uniq_duvessa

Skill      XL: |  1  2  3 |
---------------+----------+-----
Long Blades    | 3 |  3.9
Fighting       | 3 |  3.1
Throwing       | |  1.1
Armour         | |  1.9
Dodging        | |  2.6
Spellcasting   | |  2.4
Charms         | |  0.7
Translocations | |  3.4

Action                   |  1- 3 |  4- 6 || total
-------------------------+-------+-------++-------
Melee: Falchion          |    72 |    43 ||   115
 Cast: Shroud of Golubri |     5 |     2 ||     7
 Abil: Hop               |     1 |       ||     1
  Use: Scroll            |     3 |       ||     3
  Eat: Chunk             |     2 |     2 ||     4
Armor: Leather armour    |    18 |    10 ||    28
Dodge: Dodged            |    43 |    61 ||   104
Block: Other             |       |     9 ||     9
       Rpst.: Falchion   |    13 |    20 ||    33

Table legend:
 A = Non-vault XP
 B = Vault XP
 C = Vault XP percentage of total XP
 D = Non-vault monster count
 E = Vault monster count
 F = Vault count percentage of total count
                 A         B        C        D         E       F
            +---------+---------+-------+---------+---------+-------
      Total |      57 |      57 |  50.0 |      24 |       4 |  14.3
            +---------+---------+-------+---------+---------+-------
        D:1 |      24 |       0 |   0.0 |      14 |       0 |   0.0
        D:2 |      27 |      57 |  67.9 |       8 |       4 |  33.3
        D:4 |       6 |       0 |   0.0 |       2 |       0 |   0.0
            +---------+---------+-------+---------+---------+-------
